 Dungeon Crawl Stone Soup version 0.23.1 (webtiles) character file.

Game seed: 16985000753395989774

48 Borgoz the Sneak (level 3, -1/26 HPs)
             Began as a Ghoul Enchanter on Mar 14, 2019.
             Slain by a worm (9 damage)
             ... on level 2 of the Dungeon.
             The game lasted 00:02:22 (1152 turns).

Borgoz the Sneak (Ghoul Enchanter)                  Turns: 1152, Time: 00:02:22

Health: -1/26      AC:  2    Str: 11    XL:     3   Next: 72%
Magic:  9/13       EV: 12    Int: 10    God:
Gold:   73         SH:  0    Dex: 10    Spells: 2/5 levels left

rFire    . . .     SeeInvis +   a - +1 dagger
rCold    + . .     Gourm    .   (no shield)
rNeg     + + +     Faith    .   b - +0 robe
rPois    ∞         Spirit   .   (no helmet)
rElec    .         Reflect  .   (no cloak)
rCorr    .         Harm     .   (no gloves)
MR       .....                  (no boots)
Stlth    ++........             (no amulet)
HPRegen  0.00/turn              g - ring of see invisible
MPRegen  0.13/turn              m - ring of magical power

@: rotting
A: rotting body, claws 1, carnivore, cold resistance 1, negative energy
resistance 3, inhibited regeneration, torment resistance, unbreathing
a: no special abilities


You were on level 2 of the Dungeon.
You were not hungry.

You visited 1 branch of the dungeon, and saw 2 of its levels.

You collected 73 gold pieces.

Inventory:

Hand Weapons
 a - a +1 dagger (weapon)
Missiles
 h - 12 poisoned needles
Armour
 b - a +0 robe (worn)
 c - a +0 leather armour
Jewellery
 g - a ring of see invisible (left claw)
 m - a ring of magical power (right claw)
Scrolls
 e - a scroll of teleportation {unknown}
 f - a scroll of enchant armour {unknown}
 j - a scroll of fog {unknown}
 k - a scroll of random uselessness {unknown}
 l - a scroll of magic mapping {unknown}
 n - 2 scrolls of identify {unknown}
Potions
 i - 2 potions of might {unknown}
Comestibles
 d - a ration
 o - 4 chunks of flesh


   Skills:
 * Level 2.0 Short Blades
 * Level 1.5 Armour
 + Level 2.2 Dodging
 - Level 3.2 Stealth
 - Level 1.7 Spellcasting
 + Level 2.5 Hexes


You had 2 spell levels left.
You knew the following spells:

 Your Spells              Type           Power        Failure   Level  Hunger
a - Corona                Hex            #......      12%         1    ##.....
b - Ensorcelled Hibernat  Hex/Ice        #.....       28%         2    ###....

Your spell library contained the following spells:

 Spells                   Type           Power        Failure   Level  Hunger
 Confuse                  Hex            #.......     34%         3    ####...
 Tukima's Dance           Hex            #.......     34%         3    ####...
 Dazzling Spray           Conj/Hex       #.....       50%         3    ####...


Dungeon Overview and Level Annotations

Branches:
Dungeon (2/15)

Altars:


Innate Abilities, Weirdness & Mutations

Your body is rotting away.
You thrive on raw meat.
You are immune to poison.
You have sharp fingernails.
You are carnivorous and can eat meat at any time.
Your flesh is cold resistant. (rC+)
You are immune to negative energy. (rN+++)
You do not regenerate when monsters are visible.
You are immune to unholy pain and torment.
You can survive without breathing.


Message History

Casting: Ensorcelled Hibernation (safe; 28% risk of failure)
Confirm with . or Enter, or press ? or * to list all spells.
Aiming: Ensorcelled Hibernation (safe; 28% risk of failure)
Press: ? - help, Shift-Dir - straight line, f/p - worm
Aim: a worm (chance to defeat MR: 44%)
The worm looks drowsy...
The helpless worm fails to defend itself.
You puncture the worm!
The worm is severely wounded.
You hit the worm.
The worm is severely wounded.
The worm bites you!
You are too injured to fight recklessly!
You are too injured to fight recklessly!
You hit the worm.
The worm is almost dead.
You barely miss the worm.
The worm is almost dead.
The worm bites you!
You die...

#...#..###
##.....###.
###....### #.
#######..<.#######.
............###.<..
###....###........
#####..#.##
#........
#..w..##.#
#........
##@....##..........
#................#
#....#..##.......#
##............####
#.#..#######..
....## ...### ..###


You could see a worm.

Vanquished Creatures
  An adder (D:2)
  An ooze (D:1)
  A dart slug (D:1)
  A leopard gecko (D:2)
  A bat (D:1)
  3 giant cockroaches
  5 goblins (D:1)
  4 hobgoblins (D:1)
  3 jackals (D:1)
  3 kobolds
  A frilled lizard (D:1)
  2 rats (D:1)
26 creatures vanquished.

Notes
Turn   | Place    | Note
-------+----------+-------------------------------------------
     0 | D:1      | Borgoz the Ghoul Enchanter began the quest for the Orb.
     0 | D:1      | Reached XP level 1. HP: 14/14 MP: 2/2
    21 | D:1      | Reached skill level 1 in Short Blades
   100 | D:1      | Reached XP level 2. HP: 18/20 MP: 3/3
   129 | D:1      | Reached skill level 1 in Armour
   338 | D:1      | Learned a level 2 spell: Ensorcelled Hibernation
   393 | D:1      | Reached XP level 3. HP: 20/26 MP: 4/4
  1152 | D:2      | Slain by a worm

Skill      XL: |  1  2  3 |
---------------+----------+-----
Short Blades   | 1 2 |  2.0
Dodging        | 2 |  2.2
Armour         | 1 |  1.5
Stealth        | |  3.2
Spellcasting   | |  1.7
Hexes          | |  2.5

Action                   || total
-------------------------++-------
Melee: Dagger            ||    88
 Cast: Corona            ||     3
       Ensorcelled Hiber ||     4
  Use: Potion            ||     1
 Stab: Sleeping          ||     5
  Eat: Chunk             ||     7
Armor: Robe              ||    13
Dodge: Dodged            ||    55
